 Dungeon Crawl Stone Soup version 0.28-a0-313-gbc0475efdd (webtiles) character file.

Game seed: 10492769441497756753

595 kae the Basher (level 7, 0/57 HPs)
             Began as a Minotaur Fighter on Aug 31, 2021.
             Slain by an orc (5 damage)
             ... on level 5 of the Dungeon.
             The game lasted 00:02:37 (4433 turns).

kae the Basher (Minotaur Fighter)                   Turns: 4433, Time: 00:02:37

Health: 0/57       AC:  8    Str: 22    XL:     7   Next: 17%
Magic:  6/6        EV:  7    Int:  5    God:
Gold:   201        SH:  8    Dex: 10    Spells: 6/6 levels left

rFire   . . .      SeeInvis .   e - +1 whip (venom)
rCold   . . .      Faith    .   c - +0 kite shield
rNeg    . . .      Spirit   .   b - +0 scale mail
rPois   .          Reflect  .   (helmet restricted)
rElec   .          Harm     .   n - +0 cloak
rCorr   .          Rampage  .   (no gloves)
Will    .....                   (no boots)
Stlth   ..........              (no amulet)
HPRegen 0.19/turn               (no ring)
MPRegen 0.10/turn               (no ring)

@: no status effects
A: horns 2, retaliatory headbutt
a: no special abilities


You were on level 5 of the Dungeon.
You visited 1 branch of the dungeon, and saw 5 of its levels.

You collected 201 gold pieces.

Inventory:

Hand Weapons
 a - a +0 flail
 e - a +1 whip of venom (weapon)
Armour
 b - a +0 scale mail (worn)
 c - a +0 kite shield (worn)
 n - a +0 cloak (worn)
Wands
 k - a wand of acid (9)
 m - a wand of digging (5)
Scrolls
 d - 2 scrolls of teleportation
Potions
 f - 2 potions of lignification
 j - a potion of curing
 l - a potion of resistance


   Skills:
 - Level 3.6 Fighting
 + Level 9.5 Maces & Flails
 - Level 3.6 Armour
 - Level 3.6 Shields


You had 6 spell levels left.
You didn't know any spells.
Your spell library was empty.

Dungeon Overview and Level Annotations

Branches:
Dungeon (5/15)
 Temple: D:4-7

Altars:
Uskayaw
The Shining One

Shops:
D:2 =


Innate Abilities, Weirdness & Mutations

You have a pair of horns on your head.
You reflexively headbutt those who attack you in melee.


Message History

You are too injured to fight recklessly!
You are too injured to fight recklessly!
You hit the orc wizard. You headbutt the orc wizard!
You kill the orc wizard!
You block the orc's attack.
The orc wizard hits you but does no damage.
The orc priest hits you from afar with a +0 trident!
The orc hits you with a +0 flail!
You hit the orc wizard.
The orc wizard looks as sick as possible!
The orc wizard is moderately wounded.
You block the orc priest's attack. The orc barely misses you.
The orc wizard hits you but does no damage.
You closely miss the orc wizard.
The orc wizard is heavily wounded.
The orc hits you but does no damage.
You hit the orc wizard.
The orc wizard looks as sick as possible!
You headbutt the orc wizard.
You kill the orc wizard!
You block the orc's attack.
The orc priest calls down the wrath of Beogh upon you.
Pain shoots through your body! The orc hits you with a +0 flail.
* * * LOW HITPOINT WARNING * * *
The orc barely misses you.
The orc priest invokes the aid of Beogh against you.
Beogh smites you!
* * * LOW HITPOINT WARNING * * *
Things that are here:
a +0 dagger; a +0 robe; an orc corpse You hit the orc priest.
The orc priest is poisoned.
Your headbutt misses the orc priest.
The orc priest is heavily wounded.
The orc priest closely misses you. You furiously retaliate!
You headbutt the orc priest.
You kill the orc priest!
The orc hits you with a +0 flail.
* * * LOW HITPOINT WARNING * * *
The orc hits you with a +0 flail.
You die...

# #...........# #
#..(........#
####...........#
+..............#
####..........$#########
.....................)..
.###)#######.#..........
...).....###.#..oo......
#.##.#<......#.)@....(..
.....####....#...)......
.....#.......#..........
.....#.##...##..........
.....# #...############
.....# #...# ##...#
#...# #..# #...# #####


You could see 2 orcs.

Vanquished Creatures
  A centaur (D:5)
  The ghost of olaf the Gusty, a weakling GnAE (D:3)
  A hound (D:5)
  A bullfrog skeleton (D:3)
  An orc priest (D:5)
  Crazy Yiuf (D:4)
  A gnoll shaman (D:5)
  2 jellies
  2 iguanas (D:5)
  4 orc wizards
  5 gnolls (D:5)
  6 adders
  2 worms (D:3)
  3 orcs (D:4)
  3 ball pythons
  3 bats
  2 endoplasms
  A goblin (D:2)
  4 hobgoblins
  6 kobolds
  A quokka (D:1)
  A frilled lizard (D:3)
  A rat (D:3)
53 creatures vanquished.

Vanquished Creatures (others)
  11 demonic plants (D:2)
  2 fungi (D:2)
  A plant (D:2)
  2 withered plants (D:2)
16 creatures vanquished.

Grand Total: 69 creatures vanquished

Notes
Turn   | Place    | Note
-------+----------+-------------------------------------------
     0 | D:1      | kae the Minotaur Fighter began the quest for the Orb.
     0 | D:1      | Reached XP level 1. HP: 19/19 MP: 0/0
   609 | D:1      | Reached skill level 3 in Maces & Flails
   927 | D:2      | Reached XP level 2. HP: 26/26 MP: 1/1
   999 | D:2      | Found a faded altar of an unknown god.
  1114 | D:2      | Reached skill level 4 in Maces & Flails
  1150 | D:2      | Found Quadiph's Jewellery Boutique.
  1258 | D:2      | Reached XP level 3. HP: 17/31 MP: 2/2
  1736 | D:3      | Reached skill level 5 in Maces & Flails
  1977 | D:3      | Found a glowing golden altar of the Shining One.
  2021 | D:3      | Found a runed translucent door.
  2023 | D:3      | Noticed olaf's ghost (weakling GnAE)
  2051 | D:3      | Found a runed translucent door.
  2063 | D:3      | Reached XP level 4. HP: 18/39 MP: 3/3
  2679 | D:3      | Killed olaf's ghost
  2680 | D:3      | Reached skill level 6 in Maces & Flails
  2680 | D:3      | Reached XP level 5. HP: 40/45 MP: 4/4
  2816 | D:4      | Found a runed translucent door.
  2817 | D:4      | Noticed Crazy Yiuf
  2875 | D:4      | Reached skill level 7 in Maces & Flails
  3001 | D:4      | Noticed a +0 dagger
  3002 | D:4      | Noticed a +0 falchion
  3002 | D:4      | Noticed a +0 short sword
  3002 | D:4      | Noticed a +0 falchion
  3002 | D:4      | Noticed a +0 spear
  3003 | D:4      | Noticed a +0 spear
  3003 | D:4      | Noticed a +0 dagger
  3003 | D:4      | Noticed a +0 short sword
  3039 | D:4      | Found a hide-covered altar of Uskayaw.
  3539 | D:4      | Killed Crazy Yiuf
  3540 | D:4      | Reached XP level 6. HP: 15/51 MP: 1/5
  3829 | D:5      | Entered Level 5 of the Dungeon
  3858 | D:5      | Reached skill level 8 in Maces & Flails
  4010 | D:5      | HP: 1/51 [centaur (11)]
  4210 | D:5      | Reached skill level 9 in Maces & Flails
  4230 | D:5      | Reached XP level 7. HP: 27/57 MP: 6/6
  4433 | D:5      | Slain by an orc

Illustrated notes

Levels and vault maps discovered:
D:1:      dpeg_arrival_pits, layout_basic
D:2:      layout_basic, shapermc_ecumenical_altar_gd, serial_shops,
          nicolae_shop_crystal, serial_bayou_pond_d
D:3:      layout_loops_ring, tso_oasis_becter, ebering_ghost_sewer_f
D:4:      layout_basic, nicolae_uskayaw_en_pointe, uniq_crazy_yiuf_cottage
D:5:      layout_basic, amcnicky_altar_gilded,
          grunt_temple_overflow_order_and_chaos_2, nicolae_vehumet_radiance,
          uniq_grinder

Skill      XL: |  1  2  3  4  5  6 |
---------------+-------------------+-----
Maces & Flails | 3 4 5 6 7 9 |  9.5
Fighting       | |  3.6
Armour         | |  3.6
Shields        | |  3.6

Action                   |  1- 3 |  4- 6 |  7- 9 || total
-------------------------+-------+-------+-------++-------
Melee: Whip              |    40 |   110 |    16 ||   166
       Flail             |     3 |       |       ||     3
       Headbutt          |     5 |    16 |     2 ||    23
  Use: Scroll            |     4 |     2 |       ||     6
       Potion            |       |     4 |       ||     4
Armor: Scale mail        |    16 |    25 |     9 ||    50
Dodge: Dodged            |    12 |    33 |     7 ||    52
Block: Kite shield       |    12 |    35 |     8 ||    55

Table legend: (Time is in decaauts)
 A = Elapsed time spent in this place.
 B = Non-inter-level travel time spent in this place.
 C = Inter-level travel time spent in this place.
 D = Time resting spent in this place.
 E = Time spent auto-exploring this place.
 F = Levels seen in this place.
 G = Mean time per level.
                   A        B        C        D        E       F      G
               +--------+--------+--------+--------+--------+-----+--------+
         Total |   4436 |   4286 |    150 |    623 |   3231 |   5 |  887.2 |
       Dungeon |   4436 |   4286 |    150 |    623 |   3231 |   5 |  887.2 |
               +--------+--------+--------+--------+--------+-----+--------+

Top non-repeatable levels by time:
     D:4: 1234 daAuts
     D:3: 1045 daAuts
     D:1: 922 daAuts
     D:2: 772 daAuts
     D:5: 462 daAuts
